 Dungeon Crawl Stone Soup version 0.21.1-1-g345015f (webtiles) character file.

65 letownia2 the Conjurer (level 4, -2/24 HPs)
             Began as a Tengu Wizard on Mar 5, 2018.
             Was an Initiate of Cheibriados.
             Killed from afar by an orc wizard (8 damage)
             ... with a puff of flame
             ... on level 4 of the Dungeon.
             The game lasted 00:04:52 (889 turns).

letownia2 the Conjurer (Tengu Wizard)                Turns: 889, Time: 00:04:53

Health: -2/24      AC:  3    Str:  8    XL:     4   Next: 13%
Magic:  1/9        EV: 12    Int: 21    God:    Cheibriados [......]
Gold:   91         SH:  0    Dex: 13    Spells: 0/9 levels left

rFire    . . .     SeeInvis .   a - -3 trident (curse)
rCold    . . .     Gourm    .   (no shield)
rNeg     . . .     Faith    .   n - +0 robe
rPois    .         Spirit   .   b - +1 hat
rElec    .         Reflect  .   (no cloak)
rCorr    .         Harm     .   (no gloves)
MR       .....                  (boots unavailable)
Stlth    ++........             (no amulet)
HPRegen  0.08/turn              i - ring of flight
MPRegen  0.11/turn              (no ring)

@: very slow
A: beak, talons 3
a: Bend Time, Renounce Religion, Evoke Flight


You were on level 4 of the Dungeon.
You worshipped Cheibriados.
Cheibriados was noncommittal.
You were not hungry.

You visited 2 branches of the dungeon, and saw 5 of its levels.

You collected 91 gold pieces.

Inventory:

Hand Weapons
 a - a cursed -3 trident (weapon)
 l - a +0 dagger
 o - a +0 rapier
Armour
 b - a +1 hat (worn)
 m - a +0 ring mail
 n - a +0 robe (worn)
Jewellery
 i - a ring of flight (left hand)
Scrolls
 j - a scroll of immolation
 k - 2 scrolls of identify
Potions
 f - a potion of berserk rage
 g - 2 potions of heal wounds {unknown}
 h - 2 potions of curing {unknown}
Books
 c - a book of Minor Magic

   Spells                             Type                      Level
   a - Magic Dart                     Conjuration                  1
   b - Blink                          Translocation                2
   c - Call Imp                       Summoning                    2
   d - Slow                           Hexes                        2
   e - Conjure Flame                  Conjuration/Fire             3
   f - Mephitic Cloud                 Conjuration/Poison/Air       3
Comestibles
 d - 3 rations


   Skills:
 - Level 2.1 Dodging
 - Level 2.0 Stealth
 - Level 3.0 Spellcasting
 + Level 4.9 Conjurations
 - Level 1.2 Summonings
   Level 0.7 Translocations
 - Level 1.3 Air Magic


You couldn't memorise any spells.
You knew the following spells:

 Your Spells              Type           Power        Failure   Level  Hunger
a - Magic Dart            Conj           ###.         1%          1    None
c - Conjure Flame         Conj/Fire      ##......     14%         3    ###....
e - Mephitic Cloud        Conj/Pois/Air  ##......     17%         3    ###....
i - Call Imp              Summ           #.......     12%         2    ##.....


Dungeon Overview and Level Annotations

Branches:
Dungeon (4/15)             Temple (1/1) D:4

Altars:
Ashenzari
Cheibriados
Dithmenos
Elyvilon
Fedhas
Kikubaaqudgha
Nemelex Xobeh
Wu Jian
The Shining One


Innate Abilities, Weirdness & Mutations

You have a beak for a mouth.
You have claws for feet.


Message History

Press: ? - help, Shift-Dir - straight line, f/p - worker ant
Aim: a worker ant (severely wounded, confused)
The magic dart hits the worker ant.
The worker ant is severely wounded.
The orc wizard moves out of view.
Casting: Magic Dart
Confirm with . or Enter, or press ? or * to list all spells.
Aiming: Magic Dart
Press: ? - help, Shift-Dir - straight line, f/p - worker ant
Aim: a worker ant (severely wounded, confused)
The magic dart hits the worker ant.
The worker ant is severely wounded.
The orc wizard mumbles some strange words.
The orc wizard seems to speed up.
The orc wizard gestures at you while chanting.
The puff of flame hits you!
* * * LOW HITPOINT WARNING * * *
The orc wizard points at you and mumbles some strange words.
The puff of flame hits you!
You die...

###........#
#..$.......##
#...<.....!.#
##.a.........#
#............#
#....<.....####### .
#................####...
##..w...................
....o[....@........#
..########..#####.### #
##.......# ###..#####
##...##
##########..#....#
#####..........#####.#
§.....########## #
§###### #####


You could see a worm and an orc wizard.

Vanquished Creatures
  An iguana (D:4)
  An adder (D:3)
  An ooze (D:3)
  3 leopard geckos
  3 orcs
  3 bats
  A giant cockroach (D:1)
  3 hobgoblins
  A quokka (D:4)
  2 frilled lizards (D:3)
  A kobold (D:2)
20 creatures vanquished.

Notes
Turn   | Place    | Note
-------+----------+-------------------------------------------
     0 | D:1      | letownia2 the Tengu Wizard began the quest for the Orb.
     0 | D:1      | Reached XP level 1. HP: 10/10 MP: 5/5
   120 | D:1      | Reached skill level 2 in Conjurations
   284 | D:2      | Reached XP level 2. HP: 8/15 MP: 0/7
   298 | D:2      | Learned a level 2 spell: Call Imp
   355 | D:3      | Reached skill level 3 in Conjurations
   489 | D:3      | Reached XP level 3. HP: 14/19 MP: 2/8
   496 | D:3      | Reached skill level 4 in Conjurations
   504 | D:3      | Learned a level 3 spell: Mephitic Cloud
   667 | D:4      | Reached XP level 4. HP: 11/24 MP: 0/9
   721 | D:4      | Found a staircase to the Ecumenical Temple.
   738 | Temple   | Entered the Ecumenical Temple
   745 | Temple   | Became a worshipper of Cheibriados the Contemplative
   824 | D:3      | Reached skill level 1 in Air Magic
   843 | D:4      | Learned a level 3 spell: Conjure Flame
   889 | D:4      | Killed from afar by an orc wizard

Skill      XL: |  1  2  3  4 |
---------------+-------------+-----
Conjurations   | 2 3 4 |  4.9
Air Magic      | 1 |  1.3
Dodging        | |  2.1
Stealth        | |  2.0
Spellcasting   | |  3.0
Summonings     | |  1.2
Translocations | |  0.7

Action                   |  1- 3 |  4- 6 || total
-------------------------+-------+-------++-------
Melee: Unarmed           |    11 |       ||    11
       Kick              |     4 |       ||     4
       Peck              |     3 |       ||     3
       Dagger            |     5 |       ||     5
 Cast: Magic Dart        |    47 |    15 ||    62
       Mephitic Cloud    |     1 |     1 ||     2
  Use: Scroll            |     3 |     3 ||     6
 Stab: Sleeping          |     2 |       ||     2
       Confused          |     2 |       ||     2
Armor: Robe              |     4 |       ||     4
Dodge: Dodged            |    29 |     1 ||    30
